 Dungeon Crawl Stone Soup version 0.29.1-13-g9f3cf754e1 (webtiles) character file.

Game seed: 18210415092434146731

655 booth the Sneak (level 7, -2/51 HPs)
             Began as a Demonspawn Enchanter on Jan 21, 2023.
             Killed from afar by Edmund (11 damage)
             ... with a puff of flame
             ... on level 4 of the Dungeon.
             The game lasted 00:43:46 (6115 turns).

booth the Sneak (Demonspawn Enchanter)              Turns: 6115, Time: 00:43:47

Health: -2/51      AC: 13    Str:  9    XL:     7   Next: 29%
Magic:  4/11       EV: 13    Int: 24    God:
Gold:   105        SH:  0    Dex: 13    Spells: 0/11 levels left

rFire   . . .      SeeInvis +   m - +3 short sword
rCold   . . .      Faith    .   (no shield)
rNeg    . . .      Spirit   .   b - +0 robe
rPois   .          Reflect  .   y - +1 helmet {SInv}
rElec   .          Harm     .   (no cloak)
rCorr   .          Rampage  .   q - +0 pair of gloves
Will    .....                   u - +1 pair of boots
Stlth   +++.......              (no amulet)
HPRegen 0.17/turn               B - +6 ring of intelligence
MPRegen 0.12/turn               (no ring)

@: sanguine armoured, studying Stealth
A: spiny 2, sanguine armour 1, demonic touch 1
a: no special abilities


You were on level 4 of the Dungeon.
You visited 1 branch of the dungeon, and saw 4 of its levels.
You also visited: Sewer.

You collected 255 gold pieces.
You spent 150 gold pieces at shops.

Inventory:

Hand Weapons
 a - a +1 dagger
 l - a +0 flail
 m - a +3 short sword (weapon)
 n - a +0 hand axe
Missiles
 s - 21 poisoned darts (quivered)
 w - a boomerang
Armour
 b - a +0 robe (worn)
 h - a +0 ring mail of willpower
 i - an orb of guile
 p - the +3 ring mail of the First Snow {Regen+ Str+10 Int-5}
   (You found it on level 3 of the Dungeon)

   Str:       It affects your strength (+10).
   Int:       It affects your intelligence (-5).
   Regen:     It increases your rate of health regeneration.
 q - a +0 pair of gloves (worn)
 u - a +1 pair of boots (worn)
 y - a +1 helmet of see invisible (worn)
Jewellery
 B - a +6 ring of intelligence (left hand)
Scrolls
 d - 3 scrolls of identify
 f - 3 scrolls of butterflies
 g - a scroll of amnesia {unknown}
 k - a scroll of poison {unknown}
 r - a scroll of magic mapping {unknown}
 v - a scroll of blinking {unknown}
 x - a scroll of enchant weapon {unknown}
 z - a scroll of torment {unknown}
 A - a scroll of vulnerability {unknown}
 C - a scroll of fear {unknown}
Potions
 c - 2 potions of invisibility
 e - a potion of berserk rage
 j - a potion of haste {unknown}
 o - 2 potions of heal wounds {unknown}
 t - 3 potions of resistance {unknown}


   Skills:
 + Level 2.7 Fighting
 + Level 3.0 Short Blades
 + Level 0.1 Throwing
 + Level 3.2 Dodging
 + Level 4.7 Stealth
 + Level 2.7 Spellcasting
 * Level 4.6 Hexes
 + Level 0.3 Ice Magic


You couldn't memorise any spells.
You knew the following spells:

 Your Spells              Type           Power      Damage    Failure   Level
a - Ensorcelled Hibernat  Hex/Ice        30%        N/A       6%          2
b - Tukima's Dance        Hex            25%        N/A       4%          3
c - Confusing Touch       Hex            25%        N/A       4%          3
d - Dazzling Flash        Conj/Hex       28%        N/A       13%         3

Your spell library contained the following spells:

 Spells                   Type           Power      Damage    Failure   Level


Dungeon Overview and Level Annotations

Branches:
Dungeon (4/15)              Sewer (visited)
 Temple: D:4-7

Altars:
Nemelex Xobeh
Qazlal

Shops:
D:2 [

Annotations:
D:4 Edmund


Innate Abilities, Weirdness & Mutations

You are mostly covered in sharp spines.
When seriously injured, your blood forms armour. (AC +6)
Your touch may inflict minor irresistible damage on your foes.


Message History

Edmund is struck by your spines.
Edmund hits you with a +5 dire flail of protection!
Your blood congeals into armour.
You hit Edmund but do no damage.
You touch Edmund!
Edmund is moderately wounded.
Edmund hits you but does no damage.
You hit Edmund but do no damage.
Edmund appears confused.
Edmund is moderately wounded.
Edmund asks, "Where am I?"
Edmund drinks a potion.
Edmund is healed!
Edmund seems less confused.
You hit Edmund but do no damage.
You touch Edmund!
Edmund is heavily wounded.
Edmund hits you with a +5 dire flail of protection.
You hit Edmund but do no damage.
Edmund is heavily wounded.
Edmund barely misses you.
You closely miss Edmund.
Edmund is heavily wounded.
Edmund is struck by your spines.
Edmund hits you with a +5 dire flail of protection.
* * * LOW HITPOINT WARNING * * *
Okay, then.
Casting: Confusing Touch (dangerous; 4% risk of failure)
Confirm with . or Enter, or press ? or * to list all spells.
Casting: Dazzling Flash (dangerous; 13% risk of failure)
Press: ? - help, Dir - look around, f - activate Edmund is dazzled.
Edmund barely misses you.
Edmund zaps a wand.
The puff of flame hits you but does no damage.
Edmund is no longer blind.
Edmund zaps a wand.
The puff of flame hits you!
* * * LOW HITPOINT WARNING * * *
Edmund zaps a wand.
The puff of flame hits you but does no damage.
Throw: 22 darts (poison)
Press: ? - help, Q - select action, (/) - cycle Shift-Dir - straight line, f - Edmund
Aim: Edmund, wielding a +5 dire flail of protection, wearing a +0 ring mail and carrying a wand of flame (7) (heavily wounded, 61% to hit)
You throw a poisoned dart. The poisoned dart hits Edmund.
Edmund is poisoned.
Edmund is heavily wounded.
Edmund zaps a wand.
The puff of flame hits you!
You die...

#.#### #....#####
####.....####
####.....# ###########
#.....#
......)...######.....#
...........@..##.....#
..........###..#####.#
#####.....# ##.@####.#
#####.# ##......# #.#
#####......# #.#
.......## #..
#.......# ###
#......... #
^..........
#........[.## ##
#..##.##.... #.


You could see Edmund (poisoned).

Vanquished Creatures
  3 kobold brigands (Sewer)
  2 hounds (D:4)
  3 orc priests (D:4)
  A gnoll bouda (D:4)
  An iguana (D:4)
  11 adders
  3 river rats (Sewer)
  An ufetubus (D:4)
  2 worms
  7 orcs
  16 ball pythons
  4 bats
  10 endoplasms
  4 giant cockroaches
  4 goblins
  8 hobgoblins
  11 jackals
  8 kobolds
  3 quokkas
  8 frilled lizards
  11 rats
121 creatures vanquished.

Vanquished Creatures (collateral kills)
  A kobold (D:4)
1 creature vanquished.

Vanquished Creatures (others)
  2 dancing weapons (D:4)
  15 plants (Sewer)
17 creatures vanquished.

Grand Total: 139 creatures vanquished

Notes
Turn   | Place    | Note
-------+----------+-------------------------------------------
     0 | D:1      | booth the Demonspawn Enchanter began the quest for the Orb.
     0 | D:1      | Reached XP level 1. HP: 13/13 MP: 3/3
   271 | D:1      | Reached skill level 1 in Short Blades
   381 | D:1      | Gained mutation: You are partially covered in sharp spines.
                  | [demonic ancestry]
   381 | D:1      | Reached XP level 2. HP: 9/19 MP: 5/5
   551 | D:1      | Learned a level 2 spell: Ensorcelled Hibernation
   627 | D:1      | Found a faded altar of an unknown god.
  1420 | D:2      | Reached XP level 3. HP: 24/24 MP: 6/6
  1429 | D:2      | Learned a level 3 spell: Tukima's Dance
  2235 | D:2      | Found Esisulio's Antique Armour Shoppe.
  2300 | D:2      | Gained mutation: You are mostly covered in sharp spines.
                  | [demonic ancestry]
  2300 | D:2      | Reached XP level 4. HP: 30/30 MP: 7/7
  2852 | D:2      | Reached skill level 1 in Fighting
  3037 | D:3      | Found a sparkling altar of Nemelex Xobeh.
  3145 | D:3      | Identified the +3 ring mail of the First Snow {Regen+
                  | Str+10 Int-5}
  3279 | D:3      | Found a stormy altar of Qazlal.
  3384 | D:3      | Found a glowing drain.
  3390 | Sewer    | Entered a sewer
  3666 | Sewer    | Gained mutation: When seriously injured, your blood forms
                  | armour. (AC +6) [demonic ancestry]
  3666 | Sewer    | Reached XP level 5. HP: 37/37 MP: 8/8
  4060 | Sewer    | Gained mutation: Your touch may inflict minor irresistible
                  | damage on your foes. [demonic ancestry]
  4060 | Sewer    | Reached XP level 6. HP: 10/44 MP: 6/9
  4733 | D:3      | Learned a level 3 spell: Confusing Touch
  5391 | D:4      | Reached XP level 7. HP: 13/51 MP: 7/10
  5700 | D:4      | Learned a level 3 spell: Dazzling Flash
  5917 | D:2      | Bought a shiny helmet for 150 gold pieces
  6091 | D:4      | Noticed Edmund
  6115 | D:4      | Killed from afar by Edmund

Illustrated notes

Levels and vault maps discovered:
D:1:      minmay_arrival_split_and_join, layout_basic, basic_ecumenical_altar,
          serial_bayou_lagoon_a, nicolae_concentric_dashed_squares_wild,
          minmay_misc_feat_five
D:2:      layout_basic, serial_shops, nicolae_shop_window_shopping
D:3:      layout_basic, nicolae_qazlal_general_emergency,
          mainiacjoe_overflow_six_doors_small, portal_sewer_entry_e
D:4:      layout_rooms, minmay_manual_mess, uniq_edmund

Skill      XL: |  1  2  3  4  5  6  7 |
---------------+----------------------+-----
Short Blades   | 1 2 3 |  3.0
Stealth        | 3 4 |  4.7
Dodging        | 2 3 |  3.2
Fighting       | 1 2 |  2.7
Hexes          | 4 |  4.6
Throwing       | |  0.1
Spellcasting   | |  2.7
Ice Magic      | |  0.3

Action                   |  1- 3 |  4- 6 |  7- 9 || total
-------------------------+-------+-------+-------++-------
Melee: Dagger            |    78 |   142 |       ||   220
       Punch             |       |     1 |       ||     1
       Short sword       |       |    19 |    32 ||    51
       Touch             |       |    12 |     7 ||    19
Throw: Dart              |       |     4 |     1 ||     5
 Cast: Ensorcelled Hiber |       |     3 |       ||     3
       Tukima's Dance    |       |     3 |     2 ||     5
       Confusing Touch   |       |     1 |     3 ||     4
       Dazzling Flash    |       |       |     1 ||     1
  Use: Scroll            |     3 |     1 |       ||     4
       Potion            |       |     2 |       ||     2
 Stab: Sleeping          |     5 |     4 |       ||     9
       Distracted        |     1 |     1 |       ||     2
       Confused          |       |       |     1 ||     1
Armor: Robe              |     8 |    26 |     6 ||    40
Dodge: Dodged            |    33 |    83 |    18 ||   134
